 Dungeon Crawl Stone Soup version 0.22-a0-379-ga9d99d6 (webtiles) character file.

616689 Monsterracer the Slayer (level 26, -6/251 HPs)
             Began as a Grey Draconian Wizard on Apr 26, 2018.
             Was the Champion of Ashenzari.
             Killed from afar by a purple draconian monk (21 damage)
             ... with a bolt of dispelling energy
             ... on level 1 of the Realm of Zot on Apr 28, 2018.
             The game lasted 03:25:39 (87684 turns).

Monsterracer the Slayer (Grey Draconian Wizard)    Turns: 87684, Time: 03:25:40

Health: -6/251     AC: 26    Str: 13    XL:     26   Next: 91%
Magic:  4/51       EV: 32    Int: 31    God:    Ashenzari [******]
Gold:   5640       SH: 15    Dex: 11    Spells: 4/55 levels left

rFire    + + .     SeeInvis +   a - +9 eveningstar (vamp) (curse)
rCold    + . .     Gourm    .   b - +0 shield (curse)
rNeg     + . .     Faith    .   (armour unavailable)
rPois    +         Spirit   .   Q - +0 hat "Teod" {MP+9 Int+3 Slay+5} (curse)
rElec    .         Reflect  +   k - +2 cloak {MR+} (curse)
rCorr    .         Harm     .   z - +2 pair of gloves (curse)
MR       ++...     Clarity  +   t - +2 pair of boots of the Assassin {Detection Stab+ Stlth++} (curse)
Stlth    +++++++...             m - amulet of Teucacry {Reflect rPois rF+ Str+4 SH+2} (curse)
HPRegen  0.51/turn              y - ring of Xiejuk {rF+ rC+ rN+} (curse)
MPRegen  0.32/turn              O - +5 ring of evasion (curse)

@: no status effects
A: walk through water, unfitting armour, weak 1, unbreathing, cold-blooded, AC
+17
}: 3/15 runes: barnacled, silver, gossamer
a: Curse Item, Scrying, Transfer Knowledge, Renounce Religion


You were on level 1 of the Realm of Zot.
You worshipped Ashenzari.
Ashenzari was exalted by your worship.
You were not hungry.

You visited 9 branches of the dungeon, and saw 45 of its levels.
You visited the Abyss 2 times.
You visited 1 bazaar.
You also visited: Labyrinth, Bailey, Ice Cave, Volcano and Wizlab.

You collected 7894 gold pieces.
You spent 2254 gold pieces at shops.

Inventory:

Hand Weapons
 a - a cursed +9 vampiric eveningstar (weapon)
Missiles
 e - 11 throwing nets (quivered)
Armour
 b - a cursed +0 shield (worn)
 k - a cursed +2 cloak of magic resistance (worn)
 t - the cursed +2 pair of boots of the Assassin (worn) {Detection Stab+ Stlth++}
   (You found it on level 3 of the Elven Halls)

   It makes you much more stealthy.
   It has a curse placed upon it.
 z - a cursed +2 pair of gloves (worn)
 Q - the cursed +0 hat "Teod" (worn) {MP+9 Int+3 Slay+5}
   (You bought it in a shop in a bazaar)

   It affects your intelligence (+3).
   It affects your accuracy and damage with ranged weapons and melee attacks
   (+5).
   It affects your magic capacity (+9).
   It has a curse placed upon it.
Jewellery
 m - the cursed amulet of Teucacry (around neck) {Reflect rPois rF+ Str+4 SH+2}
   (You took it off a fire giant on level 2 of the Depths)

   [amulet of reflection]

   It shields you and reflects attacks.
   It affects your strength (+4).
   It protects you from fire.
   It protects you from poison.
   It affects your SH (+2).
   It has a curse placed upon it.
 y - the cursed ring of Xiejuk (left hand) {rF+ rC+ rN+}
   (You took it off a minotaur in a labyrinth)

   [ring of protection from cold]

   It protects you from fire.
   It protects you from cold.
   It protects you from negative energy.
   It has a curse placed upon it.
 N - an uncursed ring of magical power
 O - a cursed +5 ring of evasion (right hand)
Wands
 u - a wand of iceblast (38)
 A - a wand of digging (54)
 G - a wand of clouds (8)
 M - a wand of acid (47)
 R - a wand of paralysis (53)
 U - a wand of disintegration (19)
Scrolls
 f - 8 scrolls of enchant armour
 l - 29 scrolls of identify
 p - 11 scrolls of magic mapping {!r}
 q - 7 scrolls of fog
 v - 21 scrolls of teleportation
 w - 7 scrolls of amnesia
 C - 4 scrolls of summoning {!r}
 H - a scroll of holy word
 I - 13 scrolls of fear {!r}
 J - a scroll of silence
 K - 6 scrolls of remove curse
 P - 3 scrolls of blinking
Potions
 d - 8 potions of magic
 h - 10 potions of berserk rage {!q}
 j - 30 potions of curing
 n - 6 potions of flight
 o - 8 potions of heal wounds
 r - 3 potions of agility
 s - 8 potions of brilliance
 x - 7 potions of cancellation
 B - 2 potions of invisibility
 D - 7 potions of might
 E - 5 potions of lignification
 F - 4 potions of mutation {!q}
 T - 5 potions of ambrosia {!q}
 V - 7 potions of haste
 X - 5 potions of resistance
Miscellaneous
 i - 2 phantom mirrors
 L - a lamp of fire
 Y - a fan of gales
 Z - a phial of floods
Comestibles
 c - 51 rations


   Skills:
 - Level 23.6 Fighting
 - Level 13.1(17.2) Maces & Flails
   Level 0.2(8.6) Staves
 + Level 23.2(26.5) Dodging
 - Level 8.5(12.9) Stealth
 - Level 12.3(15.0) Shields
 - Level 15.0 Spellcasting
 - Level 10.8(15.0) Conjurations
   Level 2.5(6.1) Hexes
 - Level 3.0(6.8) Charms
 - Level 2.4(6.0) Summonings
 - Level 5.5(10.0) Necromancy
 - Level 3.0(6.8) Translocations
 - Level 5.5(10.0) Transmutations
 - Level 2.5(6.1) Fire Magic
 - Level 5.5(10.0) Ice Magic
 - Level 5.5(10.0) Air Magic
 - Level 12.4(16.5) Earth Magic
   Level 2.5(6.1) Poison Magic
 - Level 7.9(12.3) Evocations


You had 4 spell levels left.
You knew the following spells:

 Your Spells              Type           Power        Failure   Level  Hunger
a - Magic Dart            Conj           ####         0%          1    None
b - Conjure Flame         Conj/Fire      ######..     1%          3    None
c - Stone Arrow           Conj/Erth      ######       0%          3    None
d - Borgnjor's Vile Clut  Necr/Erth      #######...   1%          5    None
e - Blink                 Tloc           N/A          1%          2    None
f - Iron Shot             Conj/Erth      #######...   1%          6    ###....
g - Lee's Rapid Deconstr  Erth           #######...   1%          5    None
h - Statue Form           Tmut/Erth      #######..    1%          6    ###....
i - Freezing Cloud        Conj/Ice/Air   #######...   2%          6    ###....
j - Regeneration          Chrm/Necr      ######....   1%          3    None
k - Orb of Destruction    Conj           #######...   3%          7    #####..
v - Summon Butterflies    Summ           ######..     1%          1    None
x - Passwall              Tmut/Erth      #######...   0%          2    None
z - Apportation           Tloc           ######       1%          1    None


Dungeon Overview and Level Annotations

Branches:
Dungeon (15/15)            Temple (0/1) D:4            Lair (6/6) D:9
 Shoals (4/4) Lair:3       Spider (4/4) Lair:4        Slime (0/5) Lair:5
    Orc (2/2) D:11            Elf (3/3) Orc:2        Vaults (5/5) D:14
  Crypt (0/3) Vaults:2     Depths (5/5) D:15            Zot (1/5) Depths:5

Altars:
Ashenzari
Cheibriados
Dithmenos
Elyvilon
Gozag
Kikubaaqudgha
Okawaru
Ru
Trog
Wu Jian
Xom
Yredelemnul
Zin
The Shining One
Beogh

Shops:
D:5 [   D:8 *   D:10 :   Orc:2 }(}?*   Elf:1 (   Elf:2 (   Shoals:2 *
Depths:1 ?%!*   Depths:4 [

Portals:
Hell: Depths:1 Depths:2 Depths:3 Depths:4 Depths:5
Abyss: Depths:4
Pandemonium: Depths:3 Depths:4
Ziggurat: Depths:3
Trove: Vaults:2 (give 7 potions of haste)

Annotations:
D:5 2 transporters
Elf:2 2 runed doors


Innate Abilities, Weirdness & Mutations

You can walk through water.
Your dull iron-grey scales are very hard. (AC +17)
You cannot fit into any form of body armour.
You can survive without breathing.
You are cold-blooded and may be slowed by cold attacks.
You are weak. (Str -2)


Message History

* * * LOW HITPOINT WARNING * * *
You block the shadow dragon's attack.
The shadow dragon claws you but does no damage.
You block the shadow dragon's attack.
You now have 20/251 hp.
Casting: Blink (safe; 1% risk of failure)
Confirm with . or Enter, or press ? or * to list all spells.
You blink.
You feel yourself slow down.
Found a stone staircase leading down.
You now have 6/51 mp.
Casting: Blink (safe; 1% risk of failure)
Confirm with . or Enter, or press ? or * to list all spells.
Okay, then.
Evoke which item? (* to show all) (? for menu, Esc to quit)
Aiming: Paralyse
Press: ? - help, Shift-Dir - straight line, f - golden dragon
Aim: a golden dragon (berserk, fast, unusually strong, chance to defeat MR: 0%)
Okay, then.
Casting: Blink (safe; 1% risk of failure)
Confirm with . or Enter, or press ? or * to list all spells.
Okay, then.
Casting: Blink (safe; 1% risk of failure)
Confirm with . or Enter, or press ? or * to list all spells.
Okay, then.
You feel much better.
You regained 23 hp, and now have 43/251 hp.
You feel much better.
The quicksilver dragon rages.
The quicksilver dragon breathes dispelling energy at you.
The bolt of dispelling energy misses you.
You regained 34 hp, and now have 77/251 hp.
The quicksilver dragon breathes dispelling energy at you.
The bolt of dispelling energy hits you!
* * * LOW HITPOINT WARNING * * *
A moth of wrath comes into view.
You take 36 damage, and have 41/251 hp.
As you read the scroll of fog, it crumbles to dust.
The scroll dissolves into smoke.
Okay, then.
Casting: Blink (safe; 1% risk of failure)
Confirm with . or Enter, or press ? or * to list all spells.
You blink.
You block the quicksilver dragon's attack.
The quicksilver dragon completely misses you.
You block the golden dragon's attack. The golden dragon misses you.
The golden dragon completely misses you.
The shadow dragon misses you.
The shadow dragon completely misses you.
The shadow dragon closely misses you.
You block the quicksilver dragon's attack.
The quicksilver dragon barely misses you.
You block the golden dragon's attack.
The golden dragon completely misses you.
The golden dragon tramples you but does no damage.
The shadow dragon misses you. x2
The shadow dragon completely misses you.
The quicksilver dragon bites you but does no damage.
The quicksilver dragon completely misses you.
You now have 6/51 mp.
Casting: Blink (safe; 1% risk of failure)
Confirm with . or Enter, or press ? or * to list all spells.
You blink.
A black draconian comes into view. It is wielding a dire flail.
The quicksilver dragon rages.
The black draconian breathes lightning at you.
The bolt of lightning hits you!
* * * LOW HITPOINT WARNING * * *
You hear a roar!
You take 29 damage, and have 13/251 hp.
You now have 4/51 mp.
Okay, then.
You feel much better.
You regained 30 hp, and now have 43/251 hp.
You feel much better. The quicksilver dragon bites you!!
* * * LOW HITPOINT WARNING * * *
You block the quicksilver dragon's attack.
The quicksilver dragon bites you!!
* * * LOW HITPOINT WARNING * * *
You block the quicksilver dragon's attack.
You block the shadow dragon's attack.
The shadow dragon completely misses you.
The shadow dragon claws you.
* * * LOW HITPOINT WARNING * * *
A white draconian and a draconian monk come into view.
You take 29 damage, and have 14/251 hp.
Casting: Blink (safe; 1% risk of failure)
Confirm with . or Enter, or press ? or * to list all spells.
You blink.
The quicksilver dragon breathes dispelling energy at you.
The bolt of dispelling energy misses you.
The black draconian closely misses you.
You now have 3/51 mp.
Okay, then.
Your blink will be uncontrolled - continue anyway?
The Orb prevents control of your translocation!
You blink.
As you read the scroll of blinking, it crumbles to dust.
The quicksilver dragon rages.
The golden dragon rages.
The purple draconian monk breathes dispelling energy at you.
The bolt of dispelling energy hits you!
You die...

* * * , * ** * #.# .#
##########################.##.###
.##.............@..........§.....
...................####.....§....
.......(..........D.D.......§....
...................D.......§§....
..................d§....§§§§§§§..
.####.........).......D.§§§§§§§..
..................######§y{#§§...
...............qd......{§§§§§####
.........................§§§§# *


You could see a shadow dragon (berserk), a purple draconian monk, a golden
dragon (berserk), a black draconian, a white draconian and 2 quicksilver
dragons.

Vanquished Creatures
  An ancient lich (Vaults:5)
  Mara (Spider:4)
  2 juggernauts
  The ghost of mhoghedin the Slayer, a legendary KoBe of Trog (Zot:1)
  Margery (Depths:3)
  Bai Suzhen (Depths:1)
  Xtahua (Depths:3)
  A curse toe (Zot:1)
  2 caustic shrikes (Depths:2)
  the Enchantress (Depths:1)
  The ghost of erloom the Metallomancer, an adept DrTm of Vehumet (Depths:2)
  2 golden dragons
  Arachne (Spider:2)
  Jory (Depths:4)
  A profane servitor (Depths:1)
  2 bone dragons (Depths:5)
  2 Tzitzimimeh (Depths:4)
  7 tentacled monstrosities
  5 liches
  A moon troll (WizLab)
  The ghost of Totori the Fencer, an adept MiGl of the Shining One (Vaults:1)
  An Ice Fiend (IceCv)
  2 deep elf blademasters (Elf:3)
  4 quicksilver dragons
  2 titans (Vaults:5)
  2 deep elf master archers (Elf:3)
  4 sphinxes (Vaults:5)
  2 death cobs (Zot:1)
  6 tengu reavers
  Roxanne (Spider:2)
  9 tentacled starspawn
  8 shadow dragons (Vaults:5)
  Gastronok (D:9)
  Agnes (Spider:3)
  5 storm dragons
  Kirke (D:12)
  Ilsuiw (Shoals:4)
  A draconian monk (Zot:1)
  3 draconian knights
  11 fire giants
  A balrug (Depths:4)
  Aizul (Vaults:4)
  3 iron dragons
  A cacodemon (WizLab)
  5 frost giants
  9 deep elf sorcerers
  18 vault wardens
  5 deep elf elementalists
  10 ghost moths
  Louise (Elf:2)
  A draconian stormcaller (Zot:1)
  9 ironheart preservers
  2 draconian shifters (Zot:1)
  5 emperor scorpions
  6 spriggan defenders
  16 very ugly things
  The ghost of VDreamerV the Grappler, a journeyman BaTm of Cheibriados (Lair:4)
  4 entropy weavers
  3 war gargoyles
  3 vampire knights
  32 stone giants
  4 starcursed masses (WizLab)
  2 green draconians (Zot:1)
  8 spark wasps
  9 deep elf demonologists
  3 purple draconians
  4 deep elf annihilators
  2 red draconians
  3 black draconians
  A minotaur (Lab)
  2 yellow draconians
  13 ettins
  The ghost of mhoghedin the Fighter, a journeyman KoBe of Trog (Lair:4)
  2 pearl dragon zombies (Depths:1)
  6 merfolk javelineers
  8 deep elf death magi
  2 jiangshi (Depths:1)
  12 fire dragons
  6 merfolk impalers
  Josephine (Lair:5)
  19 yaktaur captains
  8 great orbs of eyes
  6 deep elf high priests
  7 ice dragons
  9 hydras
  A hell beast (Depths:4)
  2 rakshasas
  28 vault guards
  4 merfolk avatars
  The ghost of Phong the Archer, a journeyman CeHu of Okawaru (Lair:1)
  9 spriggan air magi
  35 two-headed ogres
  10 centaur warriors
  3 death knights
  29 dancing weapons
  3 alligator snapping turtles
  3 hell hogs (Depths:1)
  4 merfolk aquamancers (Shoals:4)
  8 ogre magi
  4 deep troll shamans
  4 death yaks
  A titan zombie (Depths:4)
  4 tengu warriors
  Urug (D:11)
  A vampire mage (Depths:1)
  3 deep troll earth magi
  2 thrashing horrors (Abyss:3)
  8 orc high priests
  4 spriggan berserkers
  5 hell knights
  A soul eater (Depths:1)
  Sonja (D:12)
  27 deep elf knights
  Nergalle (Lair:2)
  A fire crab (shapeshifter) (Vaults:2)
  3 sixfirhies
  A wretched star (Abyss:3)
  The ghost of seren the Grappler, a novice BaFi of Cheibriados (D:7)
  An unseen horror (shapeshifter) (D:14)
  4 skeletal warriors (Depths:4)
  2 shadow wraiths
  A glowing orange brain (shapeshifter) (Vaults:1)
  12 deep trolls
  A salamander mystic (Depths:1)
  19 sea snakes
  A deep troll (shapeshifter) (Vaults:2)
  10 glowing orange brains
  3 unseen horrors
  2 flayed ghosts
  An orange crystal statue (WizLab)
  A swamp dragon (Lair:6)
  2 lindwurms (Lair:6)
  4 phantasmal warriors (Vaults:5)
  20 harpies
  A wizard (D:14)
  A golden dragon skeleton (Vaults:5)
  20 orb spiders
  14 orc knights
  12 deep elf archers
  A tengu zombie (Vaults:3)
  17 ironbrand convokers
  5 necromancers
  A lindwurm (shapeshifter) (Depths:2)
  4 orc sorcerers
  A shadow dragon skeleton (Vaults:5)
  59 deep elf magi
  41 wolf spiders
  A wolf spider (shapeshifter) (D:15)
  44 ugly things
  7 cyclopes
  4 human zombies
  18 manticores
  A tengu skeleton (Vaults:3)
  2 moths of wrath
  A moth of wrath (shapeshifter) (Depths:5)
  2 rust devils (Depths:4)
  8 merfolk sirens
  4 apis skeletons (Depths:1)
  2 salamanders (Depths:1)
  A fire giant skeleton (Vaults:1)
  A stone giant skeleton (Vaults:5)
  A titan simulacrum (Vaults:5)
  A black mamba (shapeshifter) (D:15)
  6 torpor snails
  6 eyes of devastation (WizLab)
  5 black mambas
  23 elephants
  14 vault sentinels
  4 ice statues (IceCv)
  A smoke demon (Abyss:3)
  10 water nymphs
  3 centaur skeletons
  15 spiny frogs
  2 spiny frogs (shapeshifter)
  A gargoyle (D:13)
  An apocalypse crab (Abyss:3)
  5 spectral swamp worms (Depths:5)
  8 komodo dragons
  18 demonic crawlers
  3 freezing wraiths
  A komodo dragon (shapeshifter) (Depths:2)
  A yaktaur (shapeshifter) (Vaults:3)
  2 rime drakes (Lair:6)
  46 yaktaurs
  9 tengu conjurers
  2 hellwings (Depths:1)
  2 anaconda simulacra (IceCv)
  9 ice devils (IceCv)
  4 red devils
  5 trolls
  34 jumping spiders
  36 merfolk
  2 polar bears
  3 ancient zymes (Abyss:3)
  2 wind drakes
  14 tyrant leeches
  19 hornets
  28 slime creatures
  16 hippogriffs
  Prince Ribbit (Lair:2)
  A blink frog (shapeshifter) (Depths:2)
  A tengu simulacrum (Vaults:1)
  4 raiju (Abyss:3)
  6 dream sheep
  A hippogriff (shapeshifter) (Elf:1)
  22 blink frogs
  A raiju (shapeshifter) (D:11)
  6 snapping turtles
  6 spriggans
  An air elemental (Elf:2)
  A spriggan (shapeshifter) (Vaults:4)
  4 shadows
  A centaur simulacrum (D:12)
  24 tarantellas
  16 water elementals
  An elf skeleton (Vaults:5)
  71 redbacks
  8 wraiths
  A ynoxinul (Depths:4)
  9 hogs
  The ghost of Arum the Chopper, an amateur MiGl (D:3)
  3 wyverns
  A dire elephant simulacrum (IceCv)
  24 humans
  2 large abominations
  44 yaks
  Grum (D:8)
  A neqoxec (WizLab)
  4 fire elementals
  9 golden eyes (WizLab)
  A fire bat (Volcano)
  3 steam dragons (Lair:6)
  A hog (shapeshifter) (Vaults:1)
  4 hungry ghosts
  3 basilisks
  A yaktaur simulacrum (Vaults:5)
  6 swamp worms (Spider:1)
  2 iron troll simulacra (IceCv)
  Edmund (D:6)
  5 wargs (Orc:2)
  8 acid dragons
  3 hell hounds
  9 water moccasins
  Duvessa (D:7)
  3 hydra simulacra (IceCv)
  32 orc warriors
  A floating eye (Depths:2)
  6 porcupines
  2 ettin simulacra (IceCv)
  A black bear (shapeshifter) (Vaults:4)
  A hornet zombie (D:13)
  3 ice beasts
  3 black bears
  An eye of draining (D:3)
  4 sky beasts
  7 boggarts
  A necrophage (D:10)
  5 phantoms
  2 eyes of draining (shapeshifter)
  21 wolves
  32 ogres
  19 crocodiles
  A snapping turtle skeleton (Abyss:3)
  25 centaurs
  A human skeleton (Vaults:5)
  Blork the orc (D:4)
  2 yaktaur zombies
  3 big kobolds
  24 bullfrogs
  A glowing shapeshifter simulacrum (Depths:4)
  3 earth elementals
  A water moccasin zombie (D:7)
  3 wyvern skeletons
  Dowan (D:7)
  5 small abominations
  4 scorpions
  2 troll zombies (D:11)
  12 killer bees
  5 wights (D:7)
  A howler monkey (D:11)
  5 electric eels
  14 crimson imps
  4 lava snakes (Lab)
  4 centaur zombies
  2 quasits
  4 jellies
  Crazy Yiuf (D:3)
  8 hounds
  36 orc priests
  A bullfrog skeleton (D:12)
  An iron imp (Abyss:3)
  15 orc wizards
  5 iguanas
  Natasha (thrice) (D:3)
  8 worker ants
  4 ogre zombies (D:11)
  A hound zombie (D:5)
  2 hound skeletons (D:4)
  A howler monkey zombie (D:5)
  3 gnolls (D:8)
  A howler monkey skeleton (D:11)
  15 adders
  11 river rats (D:5)
  5 shadow imps
  2 oozes
  An adder zombie (D:8)
  2 adder skeletons
  3 worms
  A dart slug (D:1)
  3 leopard geckos
  147 orcs
  12 bats
  5 giant cockroaches
  14 goblins
  7 hobgoblins
  9 jackals
  26 kobolds
  11 quokkas
  A ball python (D:1)
  A ball python zombie (D:6)
  4 frilled lizards
  2 goblin skeletons (D:11)
  5 goblin zombies (D:11)
  A hobgoblin skeleton (D:11)
  A hobgoblin zombie (D:11)
  2 leopard gecko skeletons
  3 orc skeletons (D:11)
  7 orc zombies (D:11)
  A quokka zombie (D:5)
  25 rats
  5 crawling corpses
  A fire vortex (Depths:1)
  2 plants
  5 starspawn tentacles (WizLab)
2333 creatures vanquished.

Vanquished Creatures (collateral kills)
  A centaur (D:9)
  An orc priest (D:6)
2 creatures vanquished.

Vanquished Creatures (others)
  A draconian stormcaller (Zot:1)
  A very ugly thing (Vaults:5)
  A red draconian (Zot:1)
  2 yaktaur captains
  A centaur warrior (Depths:3)
  A two-headed ogre (Volcano)
  A dancing weapon (Elf:2)
  A deep elf mage (Elf:1)
  A salamander (Depths:1)
  2 wolf spiders
  A moth of wrath (Zot:1)
  5 yaktaurs
  A jumping spider (Spider:1)
  A water elemental (Elf:3)
  3 ogres (Vaults:4)
  A centaur (Volcano)
  An iguana (Lair:6)
  An orc wizard (D:5)
  An orc (Vaults:5)
  A bush (Lair:6)
  15 fungi
  A lurking horror (Abyss:3)
  49 plants
  3 spectral weapons
  17 starspawn tentacles
113 creatures vanquished.

Grand Total: 2448 creatures vanquished

Notes
Turn   | Place    | Note
-------+----------+-------------------------------------------
     0 | D:1      | Monsterracer the Draconian Wizard began the quest for the Orb.
     0 | D:1      | Reached XP level 1. HP: 14/14 MP: 4/4
   157 | D:1      | Found a shimmering altar of Xom.
   353 | D:1      | HP: 6/14 [jackal (3)]
   364 | D:1      | HP: 3/14 [jackal (1)]
   375 | D:1      | HP: 3/14 [jackal (1)]
   400 | D:1      | HP: 2/14 [jackal (2)]
   418 | D:1      | Reached XP level 2. HP: 3/20 MP: 0/6
   857 | D:1      | Learned a level 2 spell: Blink
  1776 | D:2      | Reached XP level 3. HP: 26/26 MP: 5/7
  1781 | D:2      | Learned a level 3 spell: Conjure Flame
  2052 | D:2      | Found a shattered altar of Ashenzari.
  2071 | D:2      | Became a worshipper of Ashenzari the Shackled
  2158 | D:2      | Learned a level 2 spell: Call Imp
  2221 | D:2      | Reached XP level 4. HP: 33/33 MP: 0/8
  2778 | D:3      | Found an ornate altar of the Wu Jian Council.
  2804 | D:3      | Noticed Arum's ghost (amateur MiGl)
  2839 | D:3      | HP: 11/33 [Arum's ghost (12)]
  2840 | D:3      | Killed Arum's ghost
  2840 | D:3      | Reached skill level 5 in Conjurations
  2840 | D:3      | Reached XP level 5. HP: 12/38 MP: 2/9
  3237 | D:3      | Found a runed door.
  3241 | D:3      | Noticed Crazy Yiuf
  3285 | D:3      | HP: 18/38 [Crazy Yiuf/quarterstaff of chaos (2)]
  3290 | D:3      | HP: 11/38 [Crazy Yiuf/quarterstaff of chaos (7)]
  3300 | D:3      | Killed Crazy Yiuf
  3300 | D:3      | Reached XP level 6. HP: 9/46 MP: 0/10
  3722 | D:3      | Reached skill level 1 in Fighting
  3748 | D:3      | Learned a level 3 spell: Mephitic Cloud
  4014 | D:3      | Found a bloodstained altar of Trog.
  4434 | D:3      | Noticed Natasha
  4449 | D:3      | Killed Natasha
  4613 | D:3      | Noticed Natasha
  4622 | D:3      | Killed Natasha
  4689 | D:3      | Noticed Natasha
  4693 | D:3      | Killed Natasha
  5004 | D:4      | Found an iron altar of Okawaru.
  5024 | D:4      | You fall through a shaft for 3 floors!
  5064 | D:6      | Your scales start taking on a dull iron-grey colour.
  5064 | D:6      | Reached XP level 7. HP: 55/55 MP: 3/12
  5064 | D:6      | Gained mutation: You can survive without breathing. [Grey Draconian growth]
  5222 | D:6      | Noticed Edmund
  5284 | D:6      | Killed Edmund
  5814 | D:6      | Reached skill level 1 in Maces & Flails
  5843 | D:6      | Reached * piety under Ashenzari
  5848 | D:6      | Found a glowing golden altar of the Shining One.
  6071 | D:6      | Reached XP level 8. HP: 63/63 MP: 6/14
  6100 | D:5      | Entered Level 5 of the Dungeon
  6124 | D:5      | HP: 31/63 [poisoned by a scorpion]
  6131 | D:5      | HP: 30/63 [poisoned by a scorpion]
  6139 | D:5      | HP: 30/63 [poisoned by a scorpion]
  6333 | D:5      | Found Coxenise's Armour Shoppe.
  7087 | D:5      | Found a shimmering altar of Xom.
  7087 | D:5      | Noticed a manticore
  7091 | D:5      | Found a transporter.
  7094 | D:5      | Noticed a gargoyle
  7104 | D:5      | Found a transporter.
  7187 | D:4      | Noticed Blork the orc
  7199 | D:4      | Killed Blork the orc
  7378 | D:4      | Found a staircase to the Ecumenical Temple.
  7416 | D:4      | HP: 32/66 [orc priest/divine providence (13)]
  8862 | D:6      | Reached skill level 5 in Spellcasting
  9019 | D:6      | Reached XP level 9. HP: 69/72 MP: 11/16
  9269 | D:7      | Reached skill level 1 in Shields
  9422 | D:7      | HP: 32/72 [ogre/giant club (16)]
  9424 | D:7      | HP: 12/72 [ogre/giant club (5)]
  9837 | D:7      | HP: 36/72 [poisoned by a killer bee]
  9842 | D:6      | HP: 32/72 [poisoned by a killer bee]
  9847 | D:6      | HP: 30/73 [poisoned by a killer bee]
  9854 | D:6      | HP: 28/73 [poisoned by a killer bee]
  9861 | D:6      | HP: 28/73 [poisoned by a killer bee]
  9869 | D:6      | HP: 28/73 [poisoned by a killer bee]
 10542 | D:7      | Reached skill level 5 in Fighting
 10593 | D:7      | Reached skill level 5 in Maces & Flails
 10632 | D:7      | Noticed seren's ghost (novice BaFi)
 10647 | D:7      | HP: 37/74 [seren's ghost (5)]
 10680 | D:7      | Killed seren's ghost
 10683 | D:7      | HP: 35/74 [yak (10)]
 10693 | D:7      | HP: 33/74 [orc wizard/magic dart (4)]
 10706 | D:7      | HP: 16/74 [boggart/uncursed whip (3)]
 10710 | D:7      | Reached XP level 10. HP: 18/81 MP: 3/18
 11225 | D:7      | Found a transporter.
 11245 | D:7      | Found a transporter.
 11855 | D:7      | Noticed a two-headed ogre
 11862 | D:7      | Killed a two-headed ogre
 11949 | D:7      | Noticed Dowan
 11950 | D:7      | Noticed Duvessa
 11959 | D:7      | Found a glowing silver altar of Zin.
 11983 | D:7      | Killed Duvessa
 11990 | D:7      | Killed Dowan
 12096 | D:7      | Found an opulent altar of Gozag.
 12538 | D:8      | Noticed Grum
 12558 | D:8      | Killed Grum
 12558 | D:8      | Reached skill level 10 in Conjurations
 12971 | D:8      | Found an ancient bone altar of Kikubaaqudgha.
 13057 | D:8      | Found a shadowy altar of Dithmenos.
 13081 | D:8      | Found a sacrificial altar of Ru.
 13120 | D:8      | Reached ** piety under Ashenzari
 13232 | D:8      | Found Xif Tupa's Assorted Antiques.
 13245 | D:8      | Bought a scroll of remove curse for 99 gold pieces
 13245 | D:8      | Bought an emerald potion for 29 gold pieces
 13245 | D:8      | Bought a large wooden ring for 165 gold pieces
 13632 | D:9      | Reached skill level 5 in Dodging
 13784 | D:9      | Found an opulent altar of Gozag.
 14260 | D:9      | Found a staircase to the Lair.
 14261 | D:9      | Noticed an elephant
 14273 | D:9      | Reached XP level 11. HP: 91/91 MP: 17/20
 14567 | D:9      | Found a shimmering altar of Xom.
 14855 | D:9      | Found a white marble altar of Elyvilon.
 15139 | D:9      | Found a snail-covered altar of Cheibriados.
 15202 | D:10     | Entered Level 10 of the Dungeon
 15438 | D:10     | Found Inaff's Book Shoppe.
 15645 | D:10     | Reached skill level 5 in Shields
 15938 | D:10     | Reached *** piety under Ashenzari
 16062 | D:10     | Noticed a cyan ugly thing
 16092 | D:10     | Killed a cyan ugly thing
 16654 | Lair:1   | Entered Level 1 of the Lair of Beasts
 16654 | Lair:1   | Noticed Gastronok
 16662 | Lair:1   | Noticed Phong's ghost (journeyman CeHu)
 16683 | D:9      | HP: 45/92 [crocodile (17)]
 16688 | D:9      | HP: 43/92 [poisoned by a water moccasin]
 16693 | D:9      | HP: 40/92 [poisoned by a water moccasin]
 16698 | D:9      | HP: 39/92 [poisoned by a water moccasin]
 16706 | D:9      | HP: 39/92 [poisoned by a water moccasin]
 16714 | D:9      | HP: 39/92 [poisoned by a water moccasin]
 16951 | D:9      | HP: 38/92 [black mamba (18)]
 17187 | D:9      | HP: 37/92 [Gastronok/the air (15)]
 17198 | D:9      | Killed Gastronok
 17456 | Lair:1   | Killed Phong's ghost
 17668 | Lair:1   | HP: 47/94 [poisoned by a spiny frog]
 17674 | Lair:1   | HP: 46/94 [poisoned by a spiny frog]
 17679 | Lair:1   | HP: 45/94 [poisoned by a spiny frog]
 17687 | Lair:1   | HP: 45/94 [poisoned by a spiny frog]
 17948 | Lair:1   | Reached XP level 12. HP: 95/101 MP: 18/23
 17952 | Lair:1   | Learned a level 2 spell: Passwall
 17956 | Lair:1   | Learned a level 3 spell: Stone Arrow
 17962 | Lair:1   | Learned a level 5 spell: Lee's Rapid Deconstruction
 18019 | Lair:1   | Reached skill level 1 in Earth Magic
 18035 | Lair:1   | HP: 51/102 [poisoned by a spiny frog]
 18040 | Lair:1   | HP: 51/102 [poisoned by a spiny frog]
 18048 | Lair:1   | HP: 51/102 [poisoned by a spiny frog]
 18708 | Lair:1   | Noticed an eight-headed hydra
 18712 | Lair:1   | Identified the +8 bardiche "Kocless" {freeze, rF- rN+ Stlth+}
 18727 | Lair:1   | HP: 44/103 [eight-headed hydra (12)]
 18732 | Lair:1   | HP: 20/103 [eight-headed hydra (10)]
 18737 | Lair:1   | HP: 10/103 [eight-headed hydra (5)]
 19143 | Lair:1   | Identified the Tome of Limitation
 19149 | Lair:1   | Learned a level 3 spell: Regeneration
 19329 | Lair:1   | Killed an eight-headed hydra
 19329 | Lair:1   | Reached skill level 10 in Maces & Flails
 19860 | Lair:2   | Noticed Prince Ribbit
 19893 | Lair:2   | HP: 50/103 [blink frog[Prince Ribbit] (16)]
 19905 | Lair:2   | HP: 51/103 [bullfrog (2)]
 20159 | Lair:2   | Noticed Nergalle
 20160 | Lair:2   | Killed Prince Ribbit
 20210 | Lair:2   | Killed Nergalle
 20900 | Lair:3   | Reached **** piety under Ashenzari
 21110 | Lair:3   | Reached skill level 5 in Earth Magic
 21158 | Lair:3   | Noticed an eight-headed hydra
 21170 | Lair:3   | Killed an eight-headed hydra
 21495 | Lair:3   | Found a staircase to the Shoals.
 22383 | Shoals:1 | Entered Level 1 of the Shoals
 22725 | Lair:4   | Reached XP level 13. HP: 92/111 MP: 3/24
 23009 | Lair:4   | Reached skill level 1 in Evocations
 23248 | Lair:4   | Identified the +7 rapier of Turmoil {pain, Dex+6}
 23496 | Lair:4   | Noticed mhoghedin's ghost (journeyman KoBe)
 23557 | Lair:4   | Noticed VDreamerV's ghost (journeyman BaTm)
 23575 | Lair:4   | Killed VDreamerV's ghost
 24064 | Lair:4   | Found a hole to the Spider Nest.
 24076 | Lair:4   | Reached ***** piety under Ashenzari
 24271 | Lair:4   | Killed mhoghedin's ghost
 24656 | Lair:4   | Reached skill level 10 in Fighting
 25175 | Lair:5   | Found a staircase to the Slime Pits.
 25755 | Lair:5   | Noticed Josephine
 25774 | Lair:5   | Killed Josephine
 25774 | Lair:5   | Reached skill level 1 in Charms
 26262 | Lair:6   | Entered Level 6 of the Lair of Beasts
 26593 | Lair:5   | Upgraded the game from 0.22-a0-374-g5dfd9e3 to 0.22-a0-377-g846bec1
 27271 | Lair:5   | HP: 53/115 [death yak (9)]
 27280 | Lair:5   | HP: 41/116 [death yak (14)]
 27293 | Lair:5   | HP: 31/116 [death yak (13)]
 27297 | Lair:5   | Reached XP level 14. HP: 34/124 MP: 0/26
 28618 | Lair:6   | Identified the ring "Gileox" {rN+ Int+3}
 28780 | Lair:6   | Found a runed door.
 29167 | Lair:6   | Paralysed by a hornet for 3 turns
 29311 | Lair:6   | HP: 44/124 [tyrant leech (23)]
 29384 | Lair:6   | HP: 52/124 [rime drake/flash freeze (13)]
 29388 | Lair:6   | HP: 23/124 [tyrant leech (15)]
 29396 | Lair:6   | HP: 24/125 [rime drake/flash freeze (20)]
 29656 | Lair:6   | HP: 60/125 [elephant (11)]
 29661 | Lair:6   | HP: 42/125 [elephant (10)]
 29667 | Lair:6   | HP: 40/125 [poisoned by a spiny frog]
 29673 | Lair:6   | HP: 40/125 [poisoned by a spiny frog]
 29681 | Lair:6   | HP: 34/125 [poisoned by a spiny frog]
 29702 | Lair:5   | HP: 38/125 [elephant (2)]
 29707 | Lair:5   | HP: 30/125 [elephant (10)]
 29712 | Lair:5   | HP: 28/125 [elephant (3)]
 31343 | D:11     | Noticed Urug
 31360 | D:11     | Killed Urug
 32489 | D:11     | Found a staircase to the Orcish Mines.
 33142 | D:12     | Found a flagged portal.
 33190 | Bailey   | Entered a bailey
 33735 | Bailey   | Reached skill level 10 in Earth Magic
 33880 | Bailey   | Reached skill level 5 in Stealth
 33880 | Bailey   | Reached XP level 15. HP: 134/134 MP: 22/28
 34017 | D:12     | Noticed Kirke
 34089 | D:12     | Reached skill level 5 in Evocations
 34094 | D:12     | Killed Kirke
 34417 | D:12     | Noticed Sonja
 34422 | D:12     | Killed Sonja
 35117 | D:12     | Found a runed door.
 35243 | D:12     | HP: 62/134 [brown very ugly thing (7)]
 35244 | D:12     | Reached XP level 16. HP: 59/141 MP: 0/29
 35497 | D:12     | Noticed a tengu reaver
 35513 | D:12     | Killed a tengu reaver
 35797 | Orc:1    | Entered Level 1 of the Orcish Mines
 35864 | Orc:2    | Entered Level 2 of the Orcish Mines
 35867 | Orc:2    | Found Xaublas's Gadget Boutique.
 35875 | Orc:2    | Found a dark tunnel.
 36075 | Volcano  | Entered a volcano
 36498 | Volcano  | Reached XP level 17. HP: 149/149 MP: 30/30
 37988 | Orc:2    | Found Goceett's Gadget Emporium.
 37988 | Orc:2    | Found Rirphume's Antique Weapon Shop.
 38199 | Orc:2    | Found a roughly hewn altar of Beogh.
 38339 | Orc:2    | Found Uvoc's General Store.
 38339 | Orc:2    | Found Aroin's Magic Scroll Emporium.
 38425 | Orc:2    | Bought a scroll of enchant armour for 127 gold pieces
 38425 | Orc:2    | Bought a potion of cancellation for 136 gold pieces
 38435 | Orc:2    | Bought a scroll of remove curse for 36 gold pieces
 38435 | Orc:2    | Bought a scroll of teleportation for 36 gold pieces
 38470 | Orc:2    | Found a staircase to the Elven Halls.
 39151 | Orc:1    | Reached ****** piety under Ashenzari
 39768 | D:13     | Reached skill level 1 in Poison Magic
 39872 | D:13     | Reached skill level 1 in Air Magic
 40333 | D:13     | Reached skill level 10 in Shields
 40770 | D:14     | Found a labyrinth entrance.
 40810 | Lab      | Entered a labyrinth
 41211 | Lab      | Learned a level 3 spell: Spectral Weapon
 41397 | Lab      | Identified the ring of Xiejuk {rF+ rC+ rN+} (You took it off a minotaur in a labyrinth)
 41397 | Lab      | Reached skill level 1 in Fire Magic
 41658 | D:14     | Reached skill level 1 in Necromancy
 42228 | D:14     | Reached skill level 10 in Dodging
 42527 | D:14     | Reached skill level 1 in Hexes
 42644 | D:14     | Found a gate to the Vaults.
 43035 | D:15     | Entered Level 15 of the Dungeon
 43681 | D:15     | Found a staircase to the Depths.
 45305 | Depths:1 | Entered Level 1 of the Depths
 45433 | D:15     | HP: 75/152 [slime creature (21)]
 45446 | D:15     | HP: 74/152 [slime creature (2)]
 45627 | Depths:1 | Identified a scroll of acquirement
 45630 | Depths:1 | Got the cursed pair of boots of Sloth {rCorr Dex+4}
 45641 | Depths:1 | Identified the cursed +0 pair of boots of Sloth {rCorr Dex+4} (You acquired it on level 1 of the Depths)
 45856 | Spider:1 | Entered Level 1 of the Spider Nest
 45867 | Spider:1 | HP: 74/152 [poisoned by a wolf spider]
 45872 | Spider:1 | HP: 38/152 [poisoned by a wolf spider]
 45877 | Lair:4   | HP: 27/152 [poisoned by a wolf spider]
 45882 | Lair:4   | HP: 16/152 [poisoned by a wolf spider]
 45887 | Lair:4   | HP: 11/152 [poisoned by a wolf spider]
 45892 | Lair:4   | HP: 8/152 [poisoned by a wolf spider]
 45897 | Lair:4   | HP: 7/152 [poisoned by a wolf spider]
 45904 | Lair:4   | HP: 6/152 [poisoned by a wolf spider]
 45911 | Lair:4   | HP: 7/152 [poisoned by a wolf spider]
 45919 | Lair:4   | HP: 7/152 [poisoned by a wolf spider]
 46269 | Elf:1    | Entered Level 1 of the Elven Halls
 46349 | Elf:1    | HP: 71/152 [deep elf mage/stone arrow (16)]
 46355 | Elf:1    | HP: 71/154 [poisoned by a spiny frog]
 46740 | Elf:1    | Found Eqavix's Antique Weapon Shoppe.
 47241 | Elf:1    | HP: 59/154 [deep elf mage/orb of energy (33)]
 47619 | Elf:1    | Reached XP level 18. HP: 127/161 MP: 17/31
 48263 | Elf:1    | Reached skill level 15 in Fighting
 48980 | Elf:1    | Identified the cursed +0 pair of boots "Cowogucsip" {rN+ Str+4}
 49912 | Elf:2    | Found a frozen archway.
 49919 | IceCv    | Entered an ice cave
 50812 | IceCv    | Noticed an Ice Fiend
 51135 | IceCv    | Killed an Ice Fiend
 51135 | IceCv    | Reached skill level 10 in Spellcasting
 51494 | Elf:2    | Noticed Louise
 51512 | Elf:2    | Cast into level 2 of the Abyss (Louise)
 51561 | Elf:2    | Escaped the Abyss
 52277 | Shoals:1 | Learned a level 1 spell: Summon Butterflies
 52931 | Shoals:1 | Reached XP level 19. HP: 172/172 MP: 33/33
 53684 | Shoals:1 | Reached skill level 1 in Transmutations
 53901 | Shoals:2 | Found Sorghyawi's Assorted Antiques.
 54069 | Shoals:2 | Bought a scroll of enchant weapon for 247 gold pieces
 54069 | Shoals:2 | Bought a scroll of teleportation for 99 gold pieces
 55333 | Shoals:2 | HP: 67/172 [alligator snapping turtle (38)]
 56051 | Shoals:3 | HP: 76/174 [alligator snapping turtle (44)]
 56065 | Shoals:3 | HP: 75/174 [merfolk javelineer/javelin of penetration (16)]
 56252 | Shoals:3 | Learned a level 5 spell: Borgnjor's Vile Clutch
 56655 | Shoals:4 | Entered Level 4 of the Shoals
 56842 | Shoals:4 | Learned a level 1 spell: Apportation
 56923 | Shoals:4 | Reached XP level 20. HP: 182/182 MP: 19/34
 57473 | Shoals:4 | Noticed Ilsuiw
 57492 | Shoals:4 | Killed Ilsuiw
 58054 | Shoals:4 | Identified the Catalogue of Shifting Evil Secrets
 58243 | Shoals:4 | Got a barnacled rune of Zot
 58569 | Vaults:1 | Entered Level 1 of the Vaults
 58600 | Vaults:1 | Noticed Totori's ghost (adept MiGl)
 58644 | Vaults:1 | HP: 92/184 [Totori's ghost (17)]
 58656 | Vaults:1 | Killed Totori's ghost
 59298 | Vaults:1 | Upgraded the game from 0.22-a0-377-g846bec1 to 0.22-a0-379-ga9d99d6
 59346 | Vaults:1 | Identified the +2 glaive of Karma {chop, *Rage rElec MP+9 Int+3}
 59609 | Vaults:1 | Reached skill level 5 in Necromancy
 60567 | Vaults:2 | Found a staircase to the Crypt.
 61885 | Vaults:2 | Found a portal to a secret trove of treasure.
 62267 | Vaults:3 | Reached XP level 21. HP: 198/198 MP: 35/35
 63779 | Vaults:4 | Noticed Aizul
 63792 | Vaults:4 | Killed Aizul
 64174 | Vaults:4 | Learned a level 6 spell: Freezing Cloud
 64242 | Vaults:4 | Identified the +11 glaive of the Moon {venom, rElec rPois MR+}
 64291 | Vaults:4 | Reached skill level 1 in Ice Magic
 66626 | Elf:2    | Found a large runed door.
 66626 | Elf:2    | Found a large runed door.
 66652 | Elf:2    | Found a large runed door.
 66652 | Elf:2    | Found a large runed door.
 66744 | Elf:2    | Found Vawkeac's Antique Weapon Boutique.
 67096 | Elf:2    | Cast into level 3 of the Abyss (Louise)
 67206 | Abyss:3  | HP: 97/202 [large abomination (16)]
 67219 | Abyss:3  | HP: 92/202 [starcursed mass/accursed screaming (10)]
 67225 | Abyss:3  | HP: 80/202 [wretched star/orb of energy (8)]
 67344 | Abyss:3  | Reached XP level 22. HP: 169/211 MP: 10/32
 67692 | Elf:2    | Escaped the Abyss
 67717 | Elf:2    | Killed Louise
 68480 | Elf:2    | Reached skill level 5 in Ice Magic
 68480 | Elf:2    | Reached skill level 5 in Air Magic
 68622 | Elf:3    | Entered Level 3 of the Elven Halls
 68992 | Elf:3    | Identified the +6 falchion of Infection {slice, MR++ Dex+4}
 69737 | Elf:3    | HP: 106/213 [poisoned by a deep elf blademaster]
 69742 | Elf:3    | HP: 104/213 [poisoned by a deep elf blademaster]
 69748 | Elf:3    | HP: 101/213 [poisoned by a deep elf blademaster]
 69754 | Elf:3    | HP: 101/213 [poisoned by a deep elf blademaster]
 69760 | Elf:3    | HP: 102/213 [poisoned by a deep elf blademaster]
 69768 | Elf:3    | HP: 104/213 [poisoned by a deep elf blademaster]
 70382 | Elf:3    | Found the +2 pair of boots of the Assassin {Detection Stab+ Stlth++}
 70418 | Elf:3    | Identified Kacloxul's Catalogue of the Voyage and the Frostbite
 70427 | Elf:3    | Learned a level 6 spell: Statue Form
 70734 | Depths:1 | Noticed Bai Suzhen
 70804 | Depths:1 | HP: 104/213 [eight-headed hydra[Bai Suzhen] (12)]
 70807 | Depths:1 | Killed Bai Suzhen
 70807 | Depths:1 | Reached skill level 15 in Dodging
 70813 | Depths:1 | HP: 69/213 [spriggan air mage/the air[the Enchantress] (24)]
 70818 | Depths:1 | HP: 63/276 [spriggan berserker/war axe[the Enchantress] (2)]
 70850 | Depths:1 | Noticed the Enchantress
 72190 | Spider:1 | Reached XP level 23. HP: 221/221 MP: 39/39
 72736 | Spider:2 | Reached skill level 5 in Transmutations
 73001 | Spider:2 | Identified the +1 mace of the Jester {holy, rC++}
 73060 | Spider:2 | Noticed Roxanne
 73140 | Spider:2 | Killed Roxanne
 73572 | Spider:2 | Noticed Arachne
 73601 | Spider:2 | Killed Arachne
 73869 | Spider:3 | Noticed Agnes
 73881 | Spider:3 | Killed Agnes
 74809 | Spider:4 | Entered Level 4 of the Spider Nest
 74809 | Spider:4 | Noticed Mara
 74824 | Spider:4 | HP: 111/222 [Mara (illusionary)/bolt of fire (20)]
 74829 | Spider:4 | HP: 86/222 [poisoned by a wolf spider]
 74831 | Spider:4 | Noticed Monsterracer's illusion
 74831 | Spider:4 | Killed Mara
 74834 | Spider:4 | HP: 88/222 [poisoned by a wolf spider]
 74839 | Spider:4 | HP: 88/222 [poisoned by a wolf spider]
 74844 | Spider:4 | HP: 92/222 [poisoned by a wolf spider]
 74849 | Spider:4 | HP: 95/222 [poisoned by a wolf spider]
 74854 | Spider:4 | HP: 100/222 [poisoned by a wolf spider]
 74860 | Spider:4 | HP: 105/222 [poisoned by a wolf spider]
 74996 | Spider:4 | Learned a level 6 spell: Iron Shot
 76235 | Spider:4 | Got a gossamer rune of Zot
 76802 | Depths:1 | Found a basalt altar of Yredelemnul.
 77014 | Depths:1 | Found a gateway to Hell.
 77230 | Depths:1 | Killed the Enchantress
 77304 | Depths:1 | Found Nougapha's Magic Scroll Shop.
 77311 | Depths:1 | Found Xoruiq's Distillery.
 77311 | Depths:1 | Found Pyziegha's Food Shop.
 77363 | Depths:1 | Found Vuxe's Assorted Antiques.
 77374 | Depths:1 | Bought a scroll of remove curse for 48 gold pieces
 77377 | Depths:1 | Bought a potion of heal wounds for 80 gold pieces
 77377 | Depths:1 | Bought a potion of heal wounds for 80 gold pieces
 77383 | Depths:1 | Bought 2 potions of resistance for 320 gold pieces
 77989 | Depths:2 | Noticed erloom's ghost (adept DrTm)
 78025 | Depths:2 | Killed erloom's ghost
 78286 | Depths:1 | Identified the +6 quarterstaff of Hidi {flame, *Corrode rC+++ MR- Dex+5}
 78499 | Depths:2 | Reached XP level 24. HP: 223/233 MP: 37/40
 78750 | Depths:2 | Noticed a juggernaut
 78785 | Depths:2 | Killed a juggernaut
 78822 | Depths:2 | Identified the amulet of Teucacry {Reflect rPois rF+ Str+4 SH+2} (You took it off a fire giant on level 2 of the Depths)
 78878 | Depths:2 | Identified the +3 spear of the Vase {pierce, rPois rC+ Dex+3} (You took it off a spriggan berserker on level 2 of the Depths)
 78885 | Depths:2 | HP: 143/302 [stone giant (18)]
 79450 | Depths:3 | Noticed Margery
 79473 | Depths:3 | Killed Margery
 79589 | Depths:2 | HP: 115/234 [vampire knight/enchanted broad axe (11)]
 79595 | Depths:2 | HP: 150/304 [vampire knight/vampiric draining (3)]
 79708 | Depths:3 | Noticed Xtahua
 79738 | Depths:3 | Killed Xtahua
 79749 | Depths:3 | Found a one-way gate leading to the halls of Pandemonium.
 79827 | Depths:3 | Found a magical portal.
 79851 | WizLab   | Entered Lehudib's Moon Base
 79935 | WizLab   | Gained mutation: You are weak. (Str -2) [a neqoxec]
 80784 | WizLab   | Found a transporter.
 80978 | WizLab   | Reached skill level 15 in Spellcasting
 81270 | WizLab   | Found a transporter.
 81272 | WizLab   | Identified the +6 shortbow of Immorality {speed, rF++ rC+ Int+3 Dex-2}
 81307 | WizLab   | Reached XP level 25. HP: 243/243 MP: 42/42
 81311 | WizLab   | Identified Lehudib's Guide on Mutagenic Stones
 81394 | Depths:3 | Found a gateway to a ziggurat.
 81879 | Depths:4 | Found a one-way gate to the infinite horrors of the Abyss.
 81885 | Depths:4 | Noticed Jory
 81903 | Depths:4 | Killed Jory
 82501 | Depths:4 | Found Qeoteg's Antique Armour Emporium.
 83590 | Depths:5 | Entered Level 5 of the Depths
 83608 | Depths:5 | Found a flickering gateway to a bazaar.
 83614 | Bazaar   | Entered a bazaar
 83614 | Bazaar   | Found Quqofyshai's Weapon Emporium.
 83614 | Bazaar   | Found Guilu's Magic Scroll Shoppe.
 83614 | Bazaar   | Found Xaqiu's Food Emporium.
 83614 | Bazaar   | Found Cesytuacha's Armour Emporium.
 83626 | Bazaar   | Bought the cursed +0 hat "Teod" {MP+9 Int+3 Slay+5} for 704 gold pieces
 83628 | Bazaar   | Bought a scroll of remove curse for 48 gold pieces
 83880 | Depths:5 | Noticed a juggernaut
 83915 | Depths:5 | Killed a juggernaut
 84571 | Depths:5 | Found a gate to the Realm of Zot.
 85033 | Vaults:5 | Entered Level 5 of the Vaults
 85055 | Vaults:5 | HP: 121/244 [yaktaur/bolt[a vault warden] (19)]
 85114 | Vaults:5 | Reached XP level 26. HP: 251/251 MP: 17/42
 85120 | Vaults:5 | Noticed an ancient lich
 85134 | Vaults:5 | Killed an ancient lich
 85134 | Vaults:5 | HP: 154/326 [white very ugly thing (11)]
 85400 | Vaults:5 | HP: 162/326 [fire giant/fireball (10)]
 85411 | Vaults:5 | HP: 162/326 [tengu reaver/freezing blast (7)]
 86388 | Vaults:5 | Identified the +6 spear of Integrity {freeze, *Slow rF+ Dex+3}
 86597 | Vaults:5 | Got a silver rune of Zot
 86736 | Vaults:5 | Learned a level 7 spell: Orb of Destruction
 86753 | Vaults:5 | Identified the +2 spear of Nigoud {venom, -Tele +Inv Str+6 Stlth-}
 86757 | Vaults:5 | Identified Siac's Disquisition on Creation
 87368 | Zot:1    | Entered Level 1 of the Realm of Zot
 87386 | Zot:1    | Noticed mhoghedin's ghost (legendary KoBe)
 87418 | Zot:1    | Killed mhoghedin's ghost
 87421 | Zot:1    | HP: 160/326 [black draconian knight/war axe of chopping (11)]
 87648 | Zot:1    | HP: 132/326 [??? (32)]
 87653 | Zot:1    | HP: 88/326 [death cob (6)]
 87658 | Zot:1    | HP: 87/326 [red draconian/searing blast (5)]
 87663 | Zot:1    | HP: 122/326 [quicksilver dragon (6)]
 87672 | Zot:1    | HP: 114/326 [quicksilver dragon/bolt of dispelling energy (11)]
 87673 | Zot:1    | HP: 48/251 [golden dragon (40)]
 87673 | Zot:1    | HP: 20/251 [quicksilver dragon/bolt of dispelling energy (28)]
 87680 | Zot:1    | HP: 13/251 [black draconian/bolt of lightning (29)]
 87684 | Zot:1    | Killed from afar by a purple draconian monk

Vault maps used:
D:1:      sevenhm_arrival_forest_fort_small_6
D:2:      hangedman_decor_growths, dk_noncrumbling_4, evilmike_ruin_ashenzari
D:3:      kennysheep_the_goblin_king, trog_eyes_of_draining, lemuel_round_altar,
          eino_tiny_chamber, minmay_unequal, uniq_natasha,
          uniq_crazy_yiuf_cottage
D:4:      okawaru_ov_weapons_minmay, minmay_temple_entry_hall, first_ration,
          uniq_blork_the_orc
D:5:      lemuel_ratsnest, gammafunk_temple_overflow_arena, serial_shops, shop,
          minmay_misc_feat_iff
D:6:      lemuel_crystal_altar, minmay_hedge_maze, uniq_edmund
D:7:      gammafunk_steamed_eel, kennysheep_little_box,
          nicolae_ossuary_entry_false_entrances, basic_altar, grunt_livestock,
          uniq_duvessa
D:8:      grunt_temple_overflow_open, serial_shops,
          nicolae_shop_window_shopping, uniq_grum
D:9:      slow_altar_2, grunt_gozag_breadcrumbs, kennysheep_mini_moat,
          david_lair_generic, basic_altar
D:10:     serial_shops, shop
D:11:     zombieorc1_lemuel, small_statue_alley_a, uniq_urug
D:12:     enter_bailey_3, lightli_airlock, uniq_sonja, uniq_kirke
D:13:     nicolae_wwwww
D:14:     grunt_vaults_entry_tiered, lab_entry_generic,
          wad_floor_pattern_untrapped
D:15:     hangedman_depths_entry_civil_slaughter, serial_bayou,
          serial_bayou_pond_e, serial_bayou_crossing, serial_bayou_lagoon_a,
          serial_bayou_lagoon_b
Lair:1:   cheibrodos_lair_river_kwai, uniq_gastronok
Lair:2:   uniq_nergalle, uniq_prince_ribbit2
Lair:3:   minmay_shoals_entry_hut
Lair:4:   spider_nest_entry_webs
Lair:5:   minmay_slime_entry_pillars, serial_bayou_shore_a, grunt_megastairs_4,
          uniq_josephine
Lair:6:   guppyfry_lair_end_dragon, wormcave, grunt_megastairs_3
Shoals:2: serial_shops, shop
Shoals:4: shoals_end_simple, shoals_ilsuiw_ice
Spider:1: worms_lemuel
Spider:2: spider_trap, nicolae_spider_cling_ruins, uniq_arachne, uniq_roxanne
Spider:3: uniq_agnes
Spider:4: grunt_spider_rune_island, uniq_mara
Orc:1:    mines2_lemuel
Orc:2:    st_orc_town, nicolae_volcano_entry_two_sided, serial_shops,
          shop_fountains, mines_bat_river
Elf:1:    eino_elf_arrival_shootout, serial_shops,
          nicolae_shop_overgrown_old_shop, orc_legates, grunt_megastairs_2
Elf:2:    serial_shops, nicolae_shop_waterfront,
          portal_ice_cave_entry_pillars_2, st_stairs_14, spider_trap,
          glass_columns_c, uniq_louise
Elf:3:    grunt_elf_hall_branching
Vaults:1: hangedman_vaults_stretched_pinwheel, nicolae_vaults_halls_meeting,
          v_misc_5, nicolae_vaults_network_periphery, grunt_vaults_twisty,
          nicolae_vaults_network_quinsquares, vaults_standard_mumra_x,
          grunt_vaults_funnel, ontoclasm_vaults_decontamination
Vaults:2: blue_anna_dwarven_crypt, hangedman_vaults_maws,
          nicolae_vaults_mini_display_case, ontoclasm_vaults_ring_square,
          hangedman_vaults_stretched_pinwheel, vaults_dpeg_doors,
          hangedman_vaults_pinch, vaults_room_corners, nicolae_vaults_rhombus_6,
          trove_entry_hex_spiral
Vaults:3: st_cross, v_misc_18, v_alt_pattern_1, v_misc_30, vaults_room_fours,
          vaults_mumra_hexcomb, v_misc_16
Vaults:4: vaults_mumra_chevron_long, nicolae_vaults_network_quincunx,
          vaults_room_fancy_cross, st_octagons_2, hangedman_vaults_stagger,
          ontoclasm_vaults_bender, v_misc_10, vaults_mumra_minichess,
          nicolae_vaults_specimen_jars, v_misc_14, nicolae_vaults_arrows,
          ontoclasm_vaults_shuriken, nicolae_vaults_little_ls, v_misc_24,
          hangedman_vaults_slice, uniq_aizul
Vaults:5: serial_shops
Depths:1: serial_sigils_hangedman_writhe, hellmouth_3, hangedman_blasphemy,
          firewood_loft, minmay_shoptagon, uniq_bai_suzhen, uniq_enchantress
Depths:2: lemuel_traditional_vault, pf_dread_powers_of_hell,
          minmay_staircase_bubble
Depths:3: kennysheep_big_flooded_room, enter_ziggurat_b,
          infiniplex_staircase_pillars_3b, pan_entry, mu_enter_wizlab_1,
          hell_entry, kennysheep_windowed_goal, uniq_margery, uniq_xtahua
Depths:4: cheibrodos_tormentor_scu, serial_glass, glass_columns_c,
          glass_columns_a, corexii_corridor_pit, grunt_mini_vestibule,
          serial_shops, shop, abyss_entry, rand_demon_pan_entry_5, hex_tiny,
          hangedman_abyss_or_decor_slice, uniq_jory
Depths:5: evilmike_zot_entry_basic, serial_shops, bzr_entry_safe,
          grunt_decor_arrowhead, pf_hell_entry_tar_river, grunt_decor_clamped
Abyss:2:  minivault_19
Abyss:3:  serial_sigils_hangedman_quiver
Lab:      labyrinth_mini_lab, nicolae_lab_checkerboard, labyrinth_lava_lair,
          nicolae_lab_grate, nicolae_lab_swirl
Bazaar:   bazaar_minmay_row
Bailey:   bailey_polearm_flooded_kennysheep, bailey
IceCv:    ice_cave_tombish
Volcano:  volcano_village
WizLab:   wizlab_lehudib

Skill      XL: |  1  2  3  4  5  6  7  8  9 10 11 12 13 14 15 16 17 18 19 20 21 22 23 24 25 26 |
---------------+-------------------------------------------------------------------------------+-----
Conjurations   | 2 3 5 6 7 8 9 10 | 10.8
Fighting       | 2 3 4 5 6 8 9 11 12 13 14 15 16 19 20 21 22 23 | 23.6
Spellcasting   | 4 5 6 7 8 9 10 12 13 15 | 15.0
Dodging        | 2 3 4 5 6 7 8 9 10 11 13 14 15 16 17 20 23 | 23.2
Maces & Flails | 1 3 5 7 9 10 11 12 13 | 13.1
Shields        | 2 4 5 7 8 9 10 11 12 | 12.3
Earth Magic    | 6 8 10 11 12 | 12.4
Translocations | 3 |  3.0
Evocations     | 3 4 5 6 7 |  7.9
Charms         | 2 3 |  3.0
Stealth        | 5 7 8 |  8.5
Poison Magic   | 2 |  2.5
Air Magic      | 2 4 5 |  5.5
Fire Magic     | 2 |  2.5
Necromancy     | 2 5 |  5.5
Hexes          | 2 |  2.5
Summonings     | 2 |  2.4
Transmutations | 2 4 5 |  5.5
Ice Magic      | 4 5 |  5.5
Staves         | |  0.2

Action                   |  1- 3 |  4- 6 |  7- 9 | 10-12 | 13-15 | 16-18 | 19-21 | 22-24 | 25-27 || total
-------------------------+-------+-------+-------+-------+-------+-------+-------+-------+-------++-------
Melee: Unarmed           |    23 |       |       |       |       |       |       |       |       ||    23
       Tailslap          |     2 |     9 |    27 |    93 |   108 |   114 |   225 |   289 |   129 ||   996
       Dagger            |     3 |    34 |       |       |       |       |       |       |       ||    37
       Quarterstaff      |       |    15 |    37 |       |       |       |       |       |       ||    52
       Flail             |       |       |   339 |  1026 |  1083 |   978 |       |       |       ||  3426
       Eveningstar       |       |       |       |       |       |   136 |  1629 |  2164 |   902 ||  4831
 Cast: Magic Dart        |    91 |   103 |   269 |   162 |    11 |     3 |       |       |       ||   639
       Conjure Flame     |       |     3 |     7 |    26 |     7 |    10 |     1 |       |       ||    54
       Mephitic Cloud    |       |     6 |     6 |    42 |    31 |    22 |     5 |       |       ||   112
       Blink             |       |       |     1 |     5 |     1 |     2 |     2 |     1 |     8 ||    20
       Stone Arrow       |       |       |       |    64 |   393 |   519 |   160 |    62 |     2 ||  1200
       Regeneration      |       |       |       |     3 |     5 |    17 |    13 |    54 |    27 ||   119
       Lee's Rapid Decon |       |       |       |       |    17 |    47 |     3 |     6 |     2 ||    75
       Spectral Weapon   |       |       |       |       |       |     5 |     2 |       |       ||     7
       Borgnjor's Vile C |       |       |       |       |       |       |    86 |   109 |    63 ||   258
       Summon Butterflie |       |       |       |       |       |       |     1 |       |       ||     1
       Statue Form       |       |       |       |       |       |       |       |    10 |    11 ||    21
       Freezing Cloud    |       |       |       |       |       |       |       |     4 |     2 ||     6
       Apportation       |       |       |       |       |       |       |       |     2 |       ||     2
       Iron Shot         |       |       |       |       |       |       |       |     7 |    11 ||    18
Invok: Curse Item        |       |       |     1 |     2 |     1 |     4 |     1 |     2 |       ||    11
 Abil: Evoke Flight      |       |       |       |       |       |     1 |       |       |       ||     1
Evoke: Wand              |       |       |     1 |       |       |     1 |       |     1 |       ||     3
       Phial of floods   |       |       |       |     1 |       |       |       |       |       ||     1
  Use: Scroll            |     2 |     9 |     4 |     8 |     8 |     9 |     7 |     2 |     7 ||    56
       Potion            |       |       |       |       |     2 |     3 |       |       |     6 ||    11
 Stab: Paralysed         |       |       |     4 |       |       |       |       |       |       ||     4
       Confused          |       |       |     2 |    27 |    21 |     3 |     4 |       |     1 ||    58
       Sleeping          |       |       |       |     2 |     2 |     2 |    23 |    33 |    14 ||    76
       Distracted        |       |       |       |       |       |     3 |     1 |     8 |     4 ||    16
  Eat: Chunk             |     4 |     6 |    18 |    27 |    26 |    43 |    51 |    51 |    27 ||   253
       Ration            |       |     1 |       |     4 |     6 |     8 |     4 |     3 |       ||    26
Armor: Skin              |    32 |    16 |   229 |   422 |   302 |   290 |   258 |   425 |   323 ||  2297
Dodge: Dodged            |    66 |    28 |   337 |   506 |   809 |   948 |  1252 |  2043 |  1109 ||  7098
Block: Buckler           |       |       |       |    63 |       |       |       |       |       ||    63
       Shield            |       |       |       |   279 |   590 |   745 |   974 |  1445 |   816 ||  4849
       Reflection        |       |       |       |       |       |       |       |    21 |    35 ||    56

Table legend:
 A = Spawn XP
 B = Non-spawn XP
 C = Spawn XP percentage of total XP
 D = Spawn monster count
 E = Non-spawn monster count
 F = Spawn count percentage of total count
 G = Total turns spent on level
                    A         B        C        D         E        F      G
               +---------+---------+-------+---------+---------+-------+---------
         Total |    9691 | 1269527 |   0.8 |      20 |    2319 |   0.9 | 87684
               +---------+---------+-------+---------+---------+-------+---------
           D:1 |       0 |      35 |   0.0 |       0 |      20 |   0.0 |  1666
           D:2 |       0 |      92 |   0.0 |       0 |      26 |   0.0 |  1076
           D:3 |       0 |     580 |   0.0 |       0 |      30 |   0.0 |  2093
           D:4 |       0 |     294 |   0.0 |       0 |      10 |   0.0 |   895
           D:5 |       0 |     916 |   0.0 |       0 |      57 |   0.0 |  1940
           D:6 |       0 |    1019 |   0.0 |       0 |      30 |   0.0 |  2291
           D:7 |       0 |    4833 |   0.0 |       0 |      58 |   0.0 |  2381
           D:8 |       0 |    1202 |   0.0 |       0 |      26 |   0.0 |  1172
           D:9 |       0 |    6954 |   0.0 |       0 |      42 |   0.0 |  2656
          D:10 |       0 |    2962 |   0.0 |       0 |      32 |   0.0 |  1576
          D:11 |       0 |    8497 |   0.0 |       0 |      63 |   0.0 |  2158
          D:12 |       0 |   13853 |   0.0 |       0 |      43 |   0.0 |  2099
          D:13 |       0 |    7024 |   0.0 |       0 |      27 |   0.0 |  1317
          D:14 |       0 |   16567 |   0.0 |       0 |      51 |   0.0 |  2200
          D:15 |       0 |   15339 |   0.0 |       0 |      33 |   0.0 |  2544
        Lair:1 |       0 |    6146 |   0.0 |       0 |      22 |   0.0 |  2228
        Lair:2 |       0 |    3849 |   0.0 |       0 |      15 |   0.0 |  1246
        Lair:3 |       0 |    8228 |   0.0 |       0 |      31 |   0.0 |  2165
        Lair:4 |       0 |   12811 |   0.0 |       0 |      42 |   0.0 |  2516
        Lair:5 |       0 |   14116 |   0.0 |       0 |      48 |   0.0 |  2990
        Lair:6 |       0 |   20186 |   0.0 |       0 |      59 |   0.0 |  3209
      Shoals:1 |       0 |   17641 |   0.0 |       0 |      33 |   0.0 |  1860
      Shoals:2 |       0 |   12520 |   0.0 |       0 |      23 |   0.0 |  1576
      Shoals:3 |       0 |   16319 |   0.0 |       0 |      37 |   0.0 |  1207
      Shoals:4 |       0 |   36364 |   0.0 |       0 |      63 |   0.0 |  1679
      Spider:1 |       0 |   31928 |   0.0 |       0 |      87 |   0.0 |  1460
      Spider:2 |       0 |   23171 |   0.0 |       0 |      52 |   0.0 |  1332
      Spider:3 |       0 |   17122 |   0.0 |       0 |      38 |   0.0 |   995
      Spider:4 |       0 |   45497 |   0.0 |       0 |      59 |   0.0 |  1578
         Orc:1 |       0 |    1432 |   0.0 |       0 |       9 |   0.0 |   873
         Orc:2 |       0 |   10507 |   0.0 |       0 |      88 |   0.0 |  2679
         Elf:1 |       0 |   38644 |   0.0 |       0 |      66 |   0.0 |  3539
         Elf:2 |       0 |   36595 |   0.0 |       0 |      53 |   0.0 |  1761
         Elf:3 |       0 |   56915 |   0.0 |       0 |      60 |   0.0 |  1848
      Vaults:1 |       0 |   41287 |   0.0 |       0 |      73 |   0.0 |  2009
      Vaults:2 |       0 |   32571 |   0.0 |       0 |      54 |   0.0 |  1549
      Vaults:3 |       0 |   52455 |   0.0 |       0 |      79 |   0.0 |  1835
      Vaults:4 |       0 |   64903 |   0.0 |       0 |      93 |   0.0 |  2777
      Vaults:5 |       0 |  167360 |   0.0 |       0 |     145 |   0.0 |  1662
      Depths:1 |       0 |   57424 |   0.0 |       0 |      65 |   0.0 |  1600
      Depths:2 |       0 |   87509 |   0.0 |       0 |      68 |   0.0 |  1731
      Depths:3 |       0 |   33082 |   0.0 |       0 |      38 |   0.0 |   834
      Depths:4 |       0 |   43324 |   0.0 |       0 |      38 |   0.0 |  1781
      Depths:5 |       0 |   72313 |   0.0 |       0 |      68 |   0.0 |  1161
         Zot:1 |       0 |   43297 |   0.0 |       0 |      24 |   0.0 |   316
       Abyss:2 |      74 |       0 | 100.0 |       1 |       0 | 100.0 |    49
       Abyss:3 |    9617 |    2482 |  79.5 |      19 |       2 |  90.5 |   596
           Lab |       0 |    2288 |   0.0 |       0 |       9 |   0.0 |   628
        Bailey |       0 |    2277 |   0.0 |       0 |      39 |   0.0 |   798
         IceCv |       0 |    9398 |   0.0 |       0 |      24 |   0.0 |  1568
       Volcano |       0 |    1802 |   0.0 |       0 |       7 |   0.0 |   465
        WizLab |       0 |   65597 |   0.0 |       0 |      60 |   0.0 |  1492
               +---------+---------+-------+---------+---------+-------+---------

Vault maps used:
D:1:      sevenhm_arrival_forest_fort_small_6
D:2:      hangedman_decor_growths, dk_noncrumbling_4, evilmike_ruin_ashenzari
D:3:      kennysheep_the_goblin_king, trog_eyes_of_draining, lemuel_round_altar,
          eino_tiny_chamber, minmay_unequal, uniq_natasha,
          uniq_crazy_yiuf_cottage
D:4:      okawaru_ov_weapons_minmay, minmay_temple_entry_hall, first_ration,
          uniq_blork_the_orc
D:5:      lemuel_ratsnest, gammafunk_temple_overflow_arena, serial_shops, shop,
          minmay_misc_feat_iff
D:6:      lemuel_crystal_altar, minmay_hedge_maze, uniq_edmund
D:7:      gammafunk_steamed_eel, kennysheep_little_box,
          nicolae_ossuary_entry_false_entrances, basic_altar, grunt_livestock,
          uniq_duvessa
D:8:      grunt_temple_overflow_open, serial_shops,
          nicolae_shop_window_shopping, uniq_grum
D:9:      slow_altar_2, grunt_gozag_breadcrumbs, kennysheep_mini_moat,
          david_lair_generic, basic_altar
D:10:     serial_shops, shop
D:11:     zombieorc1_lemuel, small_statue_alley_a, uniq_urug
D:12:     enter_bailey_3, lightli_airlock, uniq_sonja, uniq_kirke
D:13:     nicolae_wwwww
D:14:     grunt_vaults_entry_tiered, lab_entry_generic,
          wad_floor_pattern_untrapped
D:15:     hangedman_depths_entry_civil_slaughter, serial_bayou,
          serial_bayou_pond_e, serial_bayou_crossing, serial_bayou_lagoon_a,
          serial_bayou_lagoon_b
Lair:1:   cheibrodos_lair_river_kwai, uniq_gastronok
Lair:2:   uniq_nergalle, uniq_prince_ribbit2
Lair:3:   minmay_shoals_entry_hut
Lair:4:   spider_nest_entry_webs
Lair:5:   minmay_slime_entry_pillars, serial_bayou_shore_a, grunt_megastairs_4,
          uniq_josephine
Lair:6:   guppyfry_lair_end_dragon, wormcave, grunt_megastairs_3
Shoals:2: serial_shops, shop
Shoals:4: shoals_end_simple, shoals_ilsuiw_ice
Spider:1: worms_lemuel
Spider:2: spider_trap, nicolae_spider_cling_ruins, uniq_arachne, uniq_roxanne
Spider:3: uniq_agnes
Spider:4: grunt_spider_rune_island, uniq_mara
Orc:1:    mines2_lemuel
Orc:2:    st_orc_town, nicolae_volcano_entry_two_sided, serial_shops,
          shop_fountains, mines_bat_river
Elf:1:    eino_elf_arrival_shootout, serial_shops,
          nicolae_shop_overgrown_old_shop, orc_legates, grunt_megastairs_2
Elf:2:    serial_shops, nicolae_shop_waterfront,
          portal_ice_cave_entry_pillars_2, st_stairs_14, spider_trap,
          glass_columns_c, uniq_louise
Elf:3:    grunt_elf_hall_branching
Vaults:1: hangedman_vaults_stretched_pinwheel, nicolae_vaults_halls_meeting,
          v_misc_5, nicolae_vaults_network_periphery, grunt_vaults_twisty,
          nicolae_vaults_network_quinsquares, vaults_standard_mumra_x,
          grunt_vaults_funnel, ontoclasm_vaults_decontamination
Vaults:2: blue_anna_dwarven_crypt, hangedman_vaults_maws,
          nicolae_vaults_mini_display_case, ontoclasm_vaults_ring_square,
          hangedman_vaults_stretched_pinwheel, vaults_dpeg_doors,
          hangedman_vaults_pinch, vaults_room_corners, nicolae_vaults_rhombus_6,
          trove_entry_hex_spiral
Vaults:3: st_cross, v_misc_18, v_alt_pattern_1, v_misc_30, vaults_room_fours,
          vaults_mumra_hexcomb, v_misc_16
Vaults:4: vaults_mumra_chevron_long, nicolae_vaults_network_quincunx,
          vaults_room_fancy_cross, st_octagons_2, hangedman_vaults_stagger,
          ontoclasm_vaults_bender, v_misc_10, vaults_mumra_minichess,
          nicolae_vaults_specimen_jars, v_misc_14, nicolae_vaults_arrows,
          ontoclasm_vaults_shuriken, nicolae_vaults_little_ls, v_misc_24,
          hangedman_vaults_slice, uniq_aizul
Vaults:5: serial_shops
Depths:1: serial_sigils_hangedman_writhe, hellmouth_3, hangedman_blasphemy,
          firewood_loft, minmay_shoptagon, uniq_bai_suzhen, uniq_enchantress
Depths:2: lemuel_traditional_vault, pf_dread_powers_of_hell,
          minmay_staircase_bubble
Depths:3: kennysheep_big_flooded_room, enter_ziggurat_b,
          infiniplex_staircase_pillars_3b, pan_entry, mu_enter_wizlab_1,
          hell_entry, kennysheep_windowed_goal, uniq_margery, uniq_xtahua
Depths:4: cheibrodos_tormentor_scu, serial_glass, glass_columns_c,
          glass_columns_a, corexii_corridor_pit, grunt_mini_vestibule,
          serial_shops, shop, abyss_entry, rand_demon_pan_entry_5, hex_tiny,
          hangedman_abyss_or_decor_slice, uniq_jory
Depths:5: evilmike_zot_entry_basic, serial_shops, bzr_entry_safe,
          grunt_decor_arrowhead, pf_hell_entry_tar_river, grunt_decor_clamped
Abyss:2:  minivault_19
Abyss:3:  serial_sigils_hangedman_quiver
Lab:      labyrinth_mini_lab, nicolae_lab_checkerboard, labyrinth_lava_lair,
          nicolae_lab_grate, nicolae_lab_swirl
Bazaar:   bazaar_minmay_row
Bailey:   bailey_polearm_flooded_kennysheep, bailey
IceCv:    ice_cave_tombish
Volcano:  volcano_village
WizLab:   wizlab_lehudib
